 Dungeon Crawl Stone Soup version 0.19-a0-1384-gbb462ca (webtiles) character file.

55986 Charly the Devastator (level 14, 74/74 HPs)
             Began as a Deep Elf Ice Elementalist on Sept 3, 2016.
             Was the Champion of Kikubaaqudgha.
             Quit the game on level 5 of the Lair of Beasts on Sept 7, 2016.
             The game lasted 02:39:11 (23510 turns).

Charly the Devastator (Deep Elf Ice Elementalist)  Turns: 23510, Time: 02:39:13

Health: 74/74      AC:  6    Str:  5    XL:     14   Next: 40%
Magic:  6/34       EV: 17    Int: 26    God:    Kikubaaqudgha [******]
Gold:   777        SH:  0    Dex: 15    Spells: 10 memorised, 5 levels left

rFire  . . .     SeeInvis +     a - staff of cold
rCold  + . .     Gourm    .     E - +0 robe
rNeg   . . .     Faith    .     (no shield)
rPois  +         Spirit   .     X - +0 mask of the Dragon {MR+ Slay+3 SInv}
rElec  .         Dismiss  .     g - +2 cloak
rCorr  .         Reflect  .     (no gloves)
MR     +++..     Harm     .     m - +0 pair of boots
Stlth  ++........               T - amulet of Ceucao Mese {RegenMP MR+}
                                p - ring of poison resistance
                                w - ring of wizardry

@: no status effects
A: no striking features
a: Receive Corpses, Torment, Brand Weapon With Pain, Receive Necronomicon,
Renounce Religion


You were on level 5 of the Lair of Beasts.
You worshipped Kikubaaqudgha.
Kikubaaqudgha was exalted by your worship.
You were hungry.

You visited 3 branches of the dungeon, and saw 21 of its levels.
You also visited: Ice Cave.

You collected 1014 gold pieces.
You spent 237 gold pieces at shops.

Inventory:

Armour
 g - a +2 cloak (worn)
 m - a +0 pair of boots (worn)
 E - a +0 robe (worn)
 X - the +0 mask of the Dragon (worn) {MR+ Slay+3 SInv}
   (You found it on level 3 of the Lair of Beasts)

   It affects your accuracy and damage with ranged weapons and melee attacks
   (+3).
   It affects your resistance to hostile enchantments.
   It lets you see invisible.
Magical Staves
 a - an uncursed staff of cold (weapon)
Jewellery
 i - the ring of Music {+Fly Str-3 Int+2 SInv}
   (You found it on level 3 of the Lair of Beasts)

   [ring of flight]

   It affects your strength (-3).
   It affects your intelligence (+2).
   It lets you see invisible.
   It lets you fly.
 p - a ring of poison resistance (right hand)
 w - a ring of wizardry (left hand)
 F - an uncursed ring of flight
 N - an uncursed ring of positive energy
 T - the amulet of Ceucao Mese (around neck) {RegenMP MR+}
   (You found it on level 2 of the Lair of Beasts)

   [amulet of magic regeneration]

   It increases your magic regeneration.
   It affects your resistance to hostile enchantments.
Wands
 u - a wand of iceblast (5/15)
 A - a wand of digging (9/24)
 J - a wand of digging (3/24)
 M - a wand of digging (9/24)
 W - a wand of disintegration (14/24)
Scrolls
 f - 2 scrolls of magic mapping
 j - 8 scrolls of remove curse
 o - 2 scrolls of enchant weapon
 s - 8 scrolls of fear
 t - 3 scrolls of teleportation
 x - 2 scrolls of immolation
 y - 2 scrolls of enchant armour
 G - a scroll of recharging
 L - 2 scrolls of fog
 Q - 2 scrolls of identify
Potions
 d - 3 potions of mutation
 e - 5 potions of heal wounds
 h - 5 potions of curing
 k - 2 potions of brilliance
 l - 4 potions of might
 v - a potion of magic
 z - a potion of cancellation
 C - a potion of resistance
 I - a potion of agility
 K - a potion of ambrosia
 P - a potion of invisibility
 R - a potion of haste
Books
 b - a book of the Sky

   Spells                             Type                      Level
   a - Summon Lightning Spire         Summoning/Air                4
   b - Airstrike                      Air                          4
   c - Silence                        Hexes/Air                    5
   d - Deflect Missiles               Charms/Air                   6
   e - Conjure Ball Lightning         Conjuration/Air              6
   f - Tornado                        Air                          9
 B - Kikubaaqudgha's Tome of Unholy Rites
   (Kikubaaqudgha gifted it to you on level 8 of the Dungeon)

   Spells                             Type                      Level
   a - Animate Skeleton               Necromancy                   1
   b - Corpse Rot                     Necromancy                   2
   c - Sublimation of Blood           Necromancy                   2
   d - Regeneration                   Charms/Necromancy            3
   e - Control Undead                 Necromancy                   4
 H - Kikubaaqudgha's Incunabulum of Dark Arts
   (Kikubaaqudgha gifted it to you on level 11 of the Dungeon)

   Spells                             Type                      Level
   a - Animate Dead                   Necromancy                   4
   b - Bolt of Draining               Conjuration/Necromancy       5
   c - Agony                          Necromancy                   5
   d - Dispel Undead                  Necromancy                   5
   e - Death Channel                  Necromancy                   6
 V - a book of Burglary

   Spells                             Type                      Level
   a - Swiftness                      Charms/Air                   2
   b - Passwall                       Transmutation/Earth          2
   c - Passage of Golubria            Translocation                4
   d - Lee's Rapid Deconstruction     Earth                        5
   e - Darkness                       Hexes                        6
   f - Invisibility                   Hexes                        6
Miscellaneous
 D - a phantom mirror
Comestibles
 c - 16 bread rations
 n - 7 meat rations
 q - 2 beef jerkies
 r - 13 fruits
 S - 2 royal jellies


   Skills:
 - Level 3.1 Fighting
 - Level 7.1 Dodging
 - Level 2.4 Stealth
 + Level 14.6 Spellcasting
 * Level 17.0 Conjurations
 - Level 10.0 Necromancy
 + Level 12.2 Ice Magic
 - Level 4.5 Air Magic


You had 5 spell levels left.
You knew the following spells:

 Your Spells              Type           Power        Failure   Level  Hunger
a - Apportation           Tloc           ###.......   1%          1    None
b - Throw Frost           Conj/Ice       ######       0%          2    None
c - Control Undead        Necr           ######....   1%          4    None
f - Freeze                Ice            ####         1%          1    None
g - Ozocubu's Armour      Chrm/Ice       ######..     1%          3    None
i - Throw Icicle          Conj/Ice       #######.     1%          4    None
A - Animate Dead          Necr           N/A          1%          4    None
B - Bolt of Cold          Conj/Ice       #######...   1%          6    ####...
C - Freezing Cloud        Conj/Ice/Air   #######...   2%          6    ####...
S - Simulacrum            Ice/Necr       #######...   2%          6    ####...


Dungeon Overview and Level Annotations

Branches:
Dungeon (14/15)            Temple (1/1) D:4            Lair (6/6) D:11
  Swamp (0/4) Lair:3        Snake (0/4) Lair:4        Slime (0/5) Lair:5
    Orc (0/2) D:12
 Vaults: D:13-14

Altars:
Cheibriados
Dithmenos
Elyvilon
Fedhas
Gozag
Hepliaklqana
Kikubaaqudgha
Makhleb
Nemelex Xobeh
Okawaru
Qazlal
Ru
Uskayaw
Vehumet
Xom
Yredelemnul
Zin
The Shining One

Shops:
D:6 !   D:7 ?

Annotations:
D:4 Ruebezahl's ghost, amateur GrCK
D:7 exclusion: killer bee
D:9 exclusion: downstairs
D:11 exclusion: downstairs
Lair:5 exclusion: 3 oklob plants


Message History

Aim: a blink frog (almost dead)
You feel a surge of power!
The shard of ice misses the blink frog.
Casting: Throw Icicle
Confirm with . or Enter, or press ? or * to list all spells.
Aiming: Throw Icicle
Press: ? - help, Shift-Dir - straight line, f/p - blink frog
Aim: a blink frog (almost dead)
You feel a surge of power!
The shard of ice hits the blink frog.
You kill the blink frog!
Kikubaaqudgha accepts your kill.
The blink frog blinks! x2
You climb upwards.
Level annotation: exclusion: 3 oklob plants
There is a stone staircase leading down here.
Save game and exit?
Level annotation: exclusion: 3 oklob plants Welcome back, Charly the Deep Elf Ice Elementalist.
Kikubaaqudgha says: Spread unending torment and darkness!
Press ? for a list of commands and other information.
Are you sure you want to abandon this character and quit the game? (Confirm with "yes".)

.......>.........##
................##
...............#.# #####
...............########.#.##
.....#......#...###.P......##
.....#.....#...#.#..........#
.....#P.####...##...........#
.........###.##..#P........##
.....#.#.P.####.@...........###
....##.....# ##..............#
....##..#.## #...........#.##
#######..## #..........P..# #
###.######.............# #
##.....##......P......## ##
##.....#.#..............# .##
#.......#...............#
..####.....................#.#


There were no monsters in sight!

Vanquished Creatures
  The ghost of 4thArraOfDagon the Brawler, a journeyman TrIE of Dithmenos (D:12)
  6 hydras
  A centaur warrior (D:13)
  Erica (D:8)
  3 catoblepae
  12 death yaks
  A fire crab (Lair:5)
  An unseen horror (D:12)
  A hill giant (D:11)
  A necromancer (IceCv)
  An ugly thing (D:11)
  A deep elf mage (D:12)
  2 oklob plants (Lair:3)
  2 cyclopes (D:11)
  A griffon (Lair:6)
  2 black mambas (Lair:2)
  A gargoyle (D:10)
  4 ice statues
  A torpor snail (Lair:3)
  Psyche (D:8)
  4 centaur skeletons
  7 spiny frogs
  4 komodo dragons
  8 ice devils
  A polar bear (Lair:3)
  A two-headed ogre (D:12)
  6 dream sheep (Lair:6)
  34 blink frogs
  A shadow (D:13)
  2 wraiths (D:11)
  A spriggan (D:12)
  A wyvern (D:12)
  2 basilisks
  A steam dragon (D:11)
  33 yaks
  A hungry ghost (D:13)
  10 hippogriffs
  2 vampire mosquitoes (D:12)
  10 water moccasins
  4 porcupines
  2 sky beasts
  A black bear (Lair:1)
  An orc warrior (D:10)
  2 eyes of draining
  19 ice beasts
  6 ogres
  A necrophage (D:9)
  A phantom (D:5)
  12 centaurs
  5 wolves
  The ghost of Aquadorian the Sneak, an amateur OpAK of Lugonu (D:5)
  11 crocodiles
  2 big kobolds
  A wyvern zombie (D:12)
  12 giant frogs
  6 scorpions
  13 killer bees
  An electric eel (Lair:3)
  5 howler monkeys
  The ghost of Leszczynek the Shooter, a weakling HEAM (D:3)
  5 crimson imps
  A giant frog zombie (D:6)
  8 hounds
  7 jellies
  A quasit (D:12)
  4 draconian simulacra (IceCv)
  4 centaur zombies
  A wasp zombie (D:12)
  3 orc priests
  Crazy Yiuf (D:5)
  2 giant frog skeletons
  10 iguanas
  An orc wizard (D:8)
  A spriggan simulacrum (IceCv)
  6 worker ants
  3 troll simulacra (IceCv)
  A killer bee zombie (D:6)
  6 gnolls
  9 adders
  68 river rats
  2 shadow imps
  A white imp (Lair:3)
  An ooze (D:1)
  An adder skeleton (D:7)
  An adder zombie (D:6)
  4 worms
  5 giant geckos
  16 orcs
  3 giant cockroaches
  9 goblins
  9 hobgoblins
  11 jackals
  14 kobolds
  7 quokkas
  A ball python (D:3)
  3 bats
  A giant gecko skeleton (D:5)
  6 giant newts
  A quokka skeleton (D:5)
  8 rats
  3 fungi
  3 plants
532 creatures vanquished.

Vanquished Creatures (collateral kills)
  The ghost of Gruesome the Peltast, a journeyman OpMo of Cheibriados (IceCv)
  A jelly (D:11)
  A troll simulacrum (IceCv)
  A naga simulacrum (IceCv)
4 creatures vanquished.

Vanquished Creatures (others)
  3 bushes (Lair:2)
  22 fungi
  15 plants
40 creatures vanquished.

Grand Total: 576 creatures vanquished

Notes
Turn   | Place    | Note
-------+----------+-------------------------------------------
     0 | D:1      | Charly the Deep Elf Ice Elementalist began the quest for the Orb.
     0 | D:1      | Reached XP level 1. HP: 10/10 MP: 6/6
   237 | D:1      | Reached XP level 2. HP: 15/15 MP: 4/8
   246 | D:1      | Learned a level 2 spell: Throw Frost
   495 | D:1      | Reached XP level 3. HP: 19/19 MP: 5/10
   777 | D:2      | Learned a level 3 spell: Ozocubu's Armour
   850 | D:2      | Reached skill level 2 in Conjurations
  1222 | D:3      | Reached XP level 4. HP: 24/24 MP: 9/12
  1600 | D:3      | Learned a level 4 spell: Throw Icicle
  1669 | D:3      | Found a faded altar of an unknown god.
  1867 | D:3      | Found a snail-covered altar of Cheibriados.
  1900 | D:3      | Noticed Leszczynek's ghost (weakling HEAM)
  1929 | D:3      | Killed Leszczynek's ghost
  1929 | D:3      | Reached skill level 3 in Conjurations
  1929 | D:3      | Reached XP level 5. HP: 14/28 MP: 2/14
  2327 | D:3      | Reached skill level 5 in Spellcasting
  2772 | D:4      | Reached skill level 4 in Conjurations
  2881 | D:4      | Reached skill level 5 in Ice Magic
  2881 | D:4      | Reached XP level 6. HP: 32/32 MP: 8/15
  2947 | D:4      | Noticed Ruebezahl's ghost (amateur GrCK)
  2957 | D:5      | Entered Level 5 of the Dungeon
  3081 | D:4      | Found a staircase to the Ecumenical Temple.
  3087 | Temple   | Entered the Ecumenical Temple
  3163 | Temple   | Became a worshipper of Kikubaaqudgha
  3618 | D:5      | Reached skill level 5 in Conjurations
  3708 | D:5      | Noticed an ice beast
  3737 | D:5      | Killed an ice beast
  3737 | D:5      | Reached XP level 7. HP: 30/36 MP: 0/17
  3964 | D:5      | Found a blossoming altar of Fedhas.
  3965 | D:5      | Noticed Aquadorian's ghost (amateur OpAK)
  4336 | D:6      | Reached skill level 6 in Conjurations
  4529 | D:5      | Found a stormy altar of Qazlal.
  5062 | D:5      | Found a runed door.
  5066 | D:5      | Noticed Crazy Yiuf
  5068 | D:5      | Killed Crazy Yiuf
  5068 | D:5      | Reached XP level 8. HP: 41/41 MP: 11/20
  5135 | D:5      | Reached skill level 7 in Conjurations
  5317 | D:5      | Killed Aquadorian's ghost
  5903 | D:6      | Found Gonaizacw's Distillery.
  5914 | D:6      | Bought a potion of magic for 104 gold pieces
  5958 | D:6      | Reached skill level 8 in Conjurations
  6338 | D:7      | Found Qucy's Magic Scroll Emporium.
  6346 | D:7      | Bought a scroll of teleportation for 42 gold pieces
  6427 | D:8      | Reached * piety under Kikubaaqudgha
  6427 | D:8      | Identified Kikubaaqudgha's Tome of Unholy Rites (Kikubaaqudgha gifted it to you on level 8 of the Dungeon)
  6427 | D:8      | Received a gift from Kikubaaqudgha
  6905 | D:8      | Noticed Erica
  6975 | D:8      | Reached XP level 9. HP: 29/45 MP: 18/23
  7165 | D:8      | Reached skill level 9 in Conjurations
  7304 | D:8      | Killed Erica
  7438 | D:8      | Learned a level 4 spell: Summon Ice Beast
  7568 | D:8      | Learned a level 1 spell: Apportation
  7597 | D:8      | Reached skill level 1 in Fighting
  8008 | D:8      | Reached skill level 5 in Dodging
  8343 | D:8      | Noticed Psyche
  8392 | D:8      | Killed Psyche
  8468 | D:8      | Reached XP level 10. HP: 54/54 MP: 16/25
  8564 | D:8      | Reached ** piety under Kikubaaqudgha
  8887 | D:10     | Entered Level 10 of the Dungeon
  8902 | D:10     | Noticed a gargoyle
  9093 | D:9      | Reached skill level 10 in Conjurations
 10197 | D:11     | Noticed a hill giant
 10202 | D:11     | Killed a hill giant
 10202 | D:11     | Reached skill level 10 in Spellcasting
 10375 | D:10     | Reached skill level 11 in Conjurations
 10607 | D:10     | Killed a gargoyle
 11352 | D:11     | Noticed a cyclops
 11374 | D:11     | Found a staircase to the Lair.
 11374 | D:11     | Noticed a death yak
 11474 | D:11     | Reached XP level 11. HP: 59/60 MP: 23/27
 11594 | D:11     | Noticed a green ugly thing
 11602 | D:11     | Killed a green ugly thing
 11749 | D:11     | Reached *** piety under Kikubaaqudgha
 11749 | D:11     | Identified Kikubaaqudgha's Incunabulum of Dark Arts (Kikubaaqudgha gifted it to you on level 11 of the Dungeon)
 11749 | D:11     | Received a gift from Kikubaaqudgha
 11757 | D:11     | Learned a level 5 spell: Bolt of Draining
 11890 | D:11     | Reached skill level 1 in Necromancy
 11969 | D:11     | Reached skill level 12 in Conjurations
 12487 | D:11     | Killed a death yak
 12650 | D:12     | Reached skill level 5 in Necromancy
 12687 | D:12     | Noticed 4thArraOfDagon's ghost (journeyman TrIE)
 12843 | D:13     | Noticed a catoblepas
 12847 | D:13     | Killed a catoblepas
 12939 | D:13     | Identified the Papyrus of Ghastly Attacks
 13251 | D:12     | Killed 4thArraOfDagon's ghost
 13507 | D:13     | Learned a level 4 spell: Animate Dead
 13512 | D:13     | Learned a level 4 spell: Control Undead
 13516 | D:13     | Noticed a five-headed hydra
 13519 | D:13     | Noticed a centaur warrior
 13524 | D:13     | Killed a five-headed hydra
 13643 | D:13     | Killed a centaur warrior
 14028 | D:12     | Found a staircase to the Orcish Mines.
 14233 | D:13     | Reached XP level 12. HP: 64/64 MP: 23/29
 14640 | D:12     | Reached skill level 13 in Conjurations
 14920 | D:12     | Reached **** piety under Kikubaaqudgha
 15265 | Lair:1   | Entered Level 1 of the Lair of Beasts
 15408 | Lair:1   | Reached skill level 10 in Necromancy
 15654 | D:7      | Bought a scroll of teleportation for 42 gold pieces
 15654 | D:7      | Bought a scroll of amnesia for 49 gold pieces
 15662 | D:7      | Learned a level 6 spell: Freezing Cloud
 15669 | D:7      | Learned a level 6 spell: Bolt of Cold
 15780 | D:11     | Reached skill level 1 in Air Magic
 16116 | Lair:1   | Got a brightly glowing dagger
 16579 | Lair:2   | Noticed an eight-headed hydra
 16784 | Lair:2   | Killed an eight-headed hydra
 16784 | Lair:2   | Reached skill level 14 in Conjurations
 17019 | Lair:2   | Reached ***** piety under Kikubaaqudgha
 17029 | Lair:2   | Identified the +4 dagger of Fate {pain, *Contam rC+ MP+9} (You found it on level 1 of the Lair of Beasts)
 17449 | Lair:2   | Got a slimy bronze amulet
 17451 | Lair:2   | Identified the amulet of Ceucao Mese {RegenMP MR+} (You found it on level 2 of the Lair of Beasts)
 17547 | Lair:3   | Reached skill level 10 in Ice Magic
 17547 | Lair:3   | Reached XP level 13. HP: 68/68 MP: 1/31
 17771 | Lair:3   | Found a frozen archway.
 17778 | IceCv    | Entered an ice cave
 17862 | IceCv    | Learned a level 6 spell: Simulacrum
 18114 | IceCv    | Noticed Gruesome's ghost (journeyman OpMo)
 18149 | IceCv    | Killed Gruesome's ghost
 18703 | IceCv    | Reached skill level 15 in Conjurations
 19209 | IceCv    | Got a fine scythe
 19462 | Lair:3   | Found a staircase to the Swamp.
 19934 | Lair:3   | Got a crude golden ring
 19952 | Lair:3   | Identified the +8 scythe "Xikun" {slice, rPois MR+++ Int+4 Dex-4} (You found it in an ice cave)
 19955 | Lair:3   | Identified the ring of Music {+Fly Str-3 Int+2 SInv} (You found it on level 3 of the Lair of Beasts)
 20748 | Lair:4   | Reached skill level 16 in Conjurations
 21289 | Lair:4   | Found a staircase to the Snake Pit.
 21630 | Lair:6   | Entered Level 6 of the Lair of Beasts
 21842 | Lair:5   | Reached ****** piety under Kikubaaqudgha
 22056 | Lair:5   | Reached XP level 14. HP: 72/74 MP: 13/34
 22562 | Lair:5   | Found a staircase to the Slime Pits.
 23429 | Lair:6   | Reached skill level 17 in Conjurations
 23510 | Lair:5   | Quit the game

Vault maps used:
D:1:      dpeg_arrival_three_same_balls
D:2:      first_bread, lemuel_another_geyser
D:3:      grunt_temple_overflow_open, ecumenical_altar_2, cheibriados_altar_1
D:5:      grunt_temple_overflow_forces_of_nature, uniq_crazy_yiuf_cottage
D:6:      serial_shops, nicolae_shop_temple_entry_statues_fountains
D:7:      serial_shops, shop
D:8:      uniq_erica, uniq_psyche
D:11:     dpeg_lair_monsters
D:12:     orc_0_dummy, the_bakery
D:14:     minmay_triangles_in_corner, david_vaults_4, minmay_misc_feat_ornament,
          kennysheep_nondescript, minmay_holes, minmay_unpleasant_kobolds
Temple:   minmay_crystal_spiral_temple
Lair:1:   beast_lair_carwin_3
Lair:2:   grunt_forest_large_clearing_hut
Lair:3:   minmay_lair_oklob_items, swamp_mist, portal_ice_cave_entry_ice_beasts,
          nicolae_quartered_pool_medium, minivault_11, ice2_lemuel
Lair:4:   guppyfry_snake_entry_island, st_stairs_12, grunt_forest_stairs_basic,
          ldierk_geyser, grunt_megastairs_1, lemuel_fruit_tree
Lair:5:   minmay_slime_entry_oklob_open, nicolae_lair_yak_garden
Lair:6:   evil_forest, infiniplex_staircase_pool_2
IceCv:    ice_cave_tombish

Skill      XL: |  1  2  3  4  5  6  7  8  9 10 11 12 13 14 |
---------------+-------------------------------------------+-----
Spellcasting   | 4 5 6 8 9 10 11 12 14 | 14.6
Conjurations   | 2 3 4 5 6 8 9 11 12 14 16 17 | 17.0
Ice Magic      | 4 5 6 7 8 9 10 11 12 | 12.2
Dodging        | 6 7 |  7.1
Fighting       | 2 3 |  3.1
Necromancy     | 8 10 | 10.0
Air Magic      | 4 |  4.5
Stealth        | |  2.4

Action                   |  1- 3 |  4- 6 |  7- 9 | 10-12 | 13-15 || total
-------------------------+-------+-------+-------+-------+-------++-------
Melee: Staff             |       |       |       |       |     1 ||     1
 Cast: Freeze            |    32 |    42 |    37 |   102 |    37 ||   250
       Throw Frost       |    24 |    64 |    41 |    65 |       ||   194
       Throw Icicle      |       |    14 |    94 |   207 |   286 ||   601
       Ozocubu's Armour  |       |       |     2 |     3 |     3 ||     8
       Summon Ice Beast  |       |       |       |     2 |       ||     2
       Bolt of Draining  |       |       |       |    17 |       ||    17
       Animate Dead      |       |       |       |     2 |     2 ||     4
       Freezing Cloud    |       |       |       |    17 |    28 ||    45
       Bolt of Cold      |       |       |       |     6 |    12 ||    18
       Simulacrum        |       |       |       |       |     8 ||     8
Invok: Receive Corpses   |       |       |       |       |     4 ||     4
 Abil: Evoke Flight      |       |       |       |       |     1 ||     1
Evoke: Wand              |       |       |     3 |     9 |    11 ||    23
  Use: Scroll            |       |     7 |    14 |    17 |     7 ||    45
       Potion            |       |       |       |     1 |     2 ||     3
  Eat: Chunk             |     1 |     9 |    15 |    29 |    26 ||    80
       Royal jelly       |       |       |     1 |     1 |       ||     2
       Beef jerky        |       |       |     1 |       |       ||     1
       Fruit             |       |       |     3 |     6 |     3 ||    12
       Pizza             |       |       |     1 |       |       ||     1
Armor: Robe              |       |     5 |     6 |    18 |    15 ||    44
       Skin              |       |       |       |    49 |       ||    49
Dodge: Dodged            |     6 |    13 |    24 |   109 |    72 ||   224
